 Dungeon Crawl Stone Soup version 0.31-a0-1236-gaa9e43cceb (webtiles) character file.

Game seed: 7915855442588069034

66950 MacCMillion the Severer (level 14, -2/135 HPs)
             Began as a Minotaur Fighter on Dec 15, 2023.
             Was a High Priest of Okawaru.
             Drowned by a drowned soul (14 damage)
             ... summoned by a merfolk avatar
             ... on level 5 of the Lair of Beasts.
             The game lasted 00:42:27 (21198 turns).

MacCMillion the Severer (Minotaur Fighter)         Turns: 21198, Time: 00:42:28

Health: -2/135     AC: 34    Str: 26    XL:     14   Next: 81%
Magic:  19/19      EV: 13    Int:  9    God:    Okawaru [*****.]
Gold:   575        SH: 17    Dex: 10    Spells: 13/13 levels left

rFire   + . .        P - +2 war axe (freeze)
rCold   . . .        S - +0 kite shield
rNeg    . . .        L - +8 plate armour {ponderous}
rPois   +            x - +1 hat
rElec   .            I - +0 cloak
rCorr   .            w - +2 pair of gloves
SInv    .            f - +2 pair of boots
Will    ++...        y - amulet of Secrets {Reflect rPois rF+ Int+4 SH+5 Stlth-} Stlth
                     X - +5 ring of evasion
HPRegen 0.42/turn    r - ring of willpower
MPRegen 0.16/turn

%: reflection
@: about to teleport, mesmerised, very slow
A: horns 2, retaliatory headbutt
a: Renounce Religion, Heroism, Finesse, Duel


You were on level 5 of the Lair of Beasts.
You worshipped Okawaru.
Okawaru was extremely pleased with you.
You visited 3 branches of the dungeon, and saw 21 of its levels.

You collected 819 gold pieces.
You spent 244 gold pieces at shops.

Inventory:

Hand Weapons
 M - the +0 hand axe of Kiurad {flame, rElec rC++ Will- Dex+2}
   (You found it on level 4 of the Lair of Beasts)

   Dex+2:     It affects your dexterity (+2).
   rC++:      It greatly protects you from cold.
   rElec:     It insulates you from electricity.
   Will-:     It decreases your willpower.
 P - a +2 war axe of freezing (weapon)
Missiles
 H - a javelin
 K - 21 poisoned darts
 O - 2 curare-tipped darts
 Q - 3 silver javelins
 T - 2 atropa-tipped darts
 W - 7 boomerangs (quivered)
 Z - 4 datura-tipped darts
Armour
 f - a +2 pair of boots (worn)
 w - a +2 pair of gloves (worn)
 x - a +1 hat (worn)
 I - a +0 cloak (worn)
 L - a +8 plate armour of ponderousness (worn)
 S - a +0 kite shield (worn)
Jewellery
 g - a ring of flight
 l - a +6 ring of strength
 r - a ring of willpower (right hand)
 y - the amulet of Secrets (around neck) {Reflect rPois rF+ Int+4 SH+5 Stlth-}
   (You found it on level 4 of the Lair of Beasts)

   [amulet of reflection]

   Reflect:   It reflects blocked missile attacks.
   Int+4:     It affects your intelligence (+4).
   rF+:       It protects you from fire.
   rPois:     It protects you from poison SH+5: It affects your SH (+5).
   Stlth-:    It makes you less stealthy.
 V - a ring of ice
 X - a +5 ring of evasion (left hand)
 Y - an amulet of regeneration
Wands
 a - a wand of flame (7)
 e - a wand of digging (7)
 G - a wand of roots (14)
 N - a wand of mindburst (16)
 R - a wand of acid (5)
Scrolls
 b - 2 scrolls of enchant armour
 h - a scroll of silence
 n - a scroll of torment
 o - a scroll of vulnerability {unknown}
 p - 3 scrolls of poison
 s - 3 scrolls of immolation {unknown}
 v - 2 scrolls of blinking
 z - 3 scrolls of revelation
 B - 5 scrolls of teleportation
 C - a scroll of fog {unknown}
 E - 3 scrolls of fear
 J - 3 scrolls of enchant weapon
Potions
 c - a potion of resistance {unknown}
 d - 2 potions of might
 i - 8 potions of curing
 j - 2 potions of brilliance
 k - 6 potions of heal wounds
 m - 2 potions of enlightenment
 q - 2 potions of berserk rage
 t - 3 potions of invisibility
 u - 3 potions of mutation
 A - 2 potions of lignification
 D - 2 potions of ambrosia
 F - 2 potions of attraction
 U - 3 potions of haste


   Skills:
 + Level 15.1 Fighting
 - Level 16.0 Axes
 + Level 3.3 Throwing
 + Level 15.0 Armour
 + Level 1.7 Dodging
 - Level 15.0 Shields
 - Level 8.0 Invocations
 - Level 2.0 Evocations


You had 13 spell levels left.
You didn't know any spells.
Your spell library contained the following spells:

 Spells                   Type           Power      Damage    Failure   Level
 Kiss of Death            Conj/Necr      0%         2d5       99%         1
 Magic Dart               Conj           0%         1d3       99%         1
 Blink                    Tloc           0%         N/A       99%         2
 Lesser Beckoning         Tloc           0%         N/A       99%         2
 Momentum Strike          Conj/Tloc      0%         3d8       99%         2
 Searing Ray              Conj           0%         2d4       99%         2
 Static Discharge         Conj/Air       0%         3-3/arc   99%         2
 Confusing Touch          Hex            0%         N/A       100%        3
 Gell's Gravitas          Tloc           0%         N/A       100%        3
 Teleport Other           Tloc           0%         N/A       100%        3
 Airstrike                Air            0%         2d(0-16)  100%        4
 Cause Fear               Hex            0%         N/A       100%        4
 Dispel Undead            Necr           0%         3d6       100%        4
 Fulminant Prism          Conj/Hex       0%         3d5       100%        4
 Fireball                 Conj/Fire      0%         3d3       100%        5
 Summon Lightning Spire   Summ/Air       Unusable   N/A       N/A         4
 Dragon's Call            Summ           Unusable   N/A       N/A         9

Dungeon Overview and Level Annotations

Branches:
Dungeon (15/15)            Temple (1/1) D:5            Lair (5/5) D:8
  Swamp (0/4) Lair:3       Spider (0/4) Lair:3          Orc (0/2) D:10
 Vaults (0/5) D:13         Depths (0/4) D:15
  Slime: Lair:4-5

Altars:
Ashenzari
Cheibriados
Dithmenos
Elyvilon
Fedhas
Gozag
Hepliaklqana
Kikubaaqudgha
Makhleb
Nemelex Xobeh
Okawaru
Qazlal
Ru
Sif Muna
Trog
Uskayaw
Vehumet
Wu Jian
Xom
Yredelemnul
Zin
The Shining One

Shops:
D:1 :   D:2 !   D:5 (   D:8 ?   D:9 ?

Annotations:
D:10 4 transporters
D:12 2 exclusions


Innate Abilities, Weirdness & Mutations

You have a pair of horns on your head.
You reflexively headbutt those who attack you in melee.


Message History

You closely miss the drowned soul. You block the drowned soul's attack.
Your unstable footing causes you to fumble your attack.
The merfolk avatar chants its luring song.
The drowned soul touches you. The drowned soul drowns you!
* * * LOW HITPOINT WARNING * * *
Your unstable footing causes you to fumble your attack.
The merfolk avatar chants its luring song.
Your unstable footing causes you to fumble your attack.
You block the drowned soul's attack.
The merfolk avatar chants its luring song.
You hit the merfolk avatar. You freeze the merfolk avatar.
The merfolk avatar is heavily wounded.
You slash the drowned soul! The drowned soul touches you.
The drowned soul drowns you!
* * * LOW HITPOINT WARNING * * *
You barely miss the merfolk avatar.
Your headbutt misses the merfolk avatar.
The merfolk avatar is heavily wounded.
The merfolk avatar chants its luring song.
Your unstable footing causes you to fumble your attack.
The merfolk avatar chants its luring song.
Your unstable footing causes you to fumble your attack.
The drowned soul touches you. The drowned soul drowns you!
* * * LOW HITPOINT WARNING * * *
The merfolk avatar chants its luring song.
You feel much better. The drowned soul touches you.
The drowned soul drowns you!
* * * LOW HITPOINT WARNING * * *
The merfolk avatar chants its luring song.
As you read the scroll of teleportation, it crumbles to dust.
You feel strangely unstable. The drowned soul touches you.
The drowned soul drowns you!
* * * LOW HITPOINT WARNING * * *
The merfolk avatar chants its luring song.
You slice the merfolk avatar!! You freeze the merfolk avatar.
You headbutt the merfolk avatar.
The merfolk avatar is almost dead.
You barely miss the drowned soul. The drowned soul touches you.
The drowned soul drowns you!
You die...

~~~ ~~~.~~~~~~.~#..#
P~~ .~~~~~†~~~~#.#.#
######.#####~##...P.#
~~~~~~⌠#8~~#~##~......P
~~~~~~~#~#~~†.~~~##.PP.
~~~~~#~~~#~~~~####...
######8~#~#~#~##.~# ...
#(!((~~~~~~~#~~#~~# ..#
#:≈W!~~@~~8~~~~~..# .#
#)W≈!~m†~~.~~~~~~.#
#/}$!#~~~~~~#~~#.. ####
~~~#~#~#~##.~#
~~~~#.~~~P~
#~~~.#~#~~~~~
~~.~⌠#8~~#~~ #~~#..# #
#


You could see a merfolk avatar (mesmerising) and 2 drowned souls.

Vanquished Creatures
  Rupert (D:14)
  Gastronok (Lair:2)
  Snorg (D:14)
  Fannar (D:10)
  4 hydras
  2 catoblepae
  2 centaur warriors (D:14)
  2 boulder beetles
  6 two-headed ogres
  7 death yaks
  Amaemon (D:7)
  A skyshark (Lair:2)
  2 sea snakes (Lair:5)
  Pikel (D:6)
  3 deep elf pyromancers
  2 ugly things (D:12)
  4 manticores
  6 black mambas
  29 elephants
  An orange demon (D:8)
  Jeremiah (Lair:1)
  12 cane toads
  4 gargoyles
  A torpor snail (D:8)
  8 komodo dragons
  A rime drake (Lair:1)
  Maggie (D:6)
  An efreet (D:14)
  2 tengu conjurers (D:14)
  A troll (shapeshifter) (D:14)
  A polar bear (Lair:5)
  10 trolls
  Grinder (D:6)
  A glass eye (D:9)
  2 hornets
  A wind drake (Lair:5)
  18 blink frogs
  3 slime creatures (D:12)
  6 wraiths
  A shadow (D:11)
  A vampire (D:11)
  A water elemental (D:12)
  8 wyverns
  10 yaks
  2 basilisks
  5 steam dragons
  7 vampire mosquitoes
  14 water moccasins
  An acid dragon (D:9)
  2 black bears
  7 orc warriors
  3 ice beasts
  5 ogres
  27 wolves
  9 centaurs
  A phantom (D:5)
  4 kobold brigands
  21 bullfrogs
  5 scorpions
  3 gnoll sergeants
  10 wights
  4 electric eels (D:8)
  6 howler monkeys
  3 jellies
  4 hounds
  2 orc priests (D:4)
  2 gnoll boudas
  A sleepcap (D:7)
  4 iguanas
  8 orc wizards
  20 gnolls
  10 adders
  A shadow imp (D:5)
  4 white imps
  2 ufetubi (D:7)
  10 worms
  2 dart slugs (D:1)
  33 orcs
  7 ball pythons
  11 endoplasms
  6 giant cockroaches
  9 hobgoblins
  8 jackals
  21 kobolds
  2 quokkas
  A bat (D:2)
  A frilled lizard (D:1)
  7 goblins
  4 rats (D:2)
492 creatures vanquished.

Notes
Turn   | Place    | Note
-------+----------+-------------------------------------------
     0 | D:1      | MacCMillion the Minotaur Fighter began the quest for the
                  | Orb.
     0 | D:1      | Reached XP level 1. HP: 19/19 MP: 0/0
    94 | D:1      | Reached skill level 3 in Axes
    94 | D:1      | Reached XP level 2. HP: 26/26 MP: 1/1
   212 | D:1      | Found a faded altar of an unknown god.
   287 | D:1      | Noticed a walking earthen tome
   297 | D:1      | Found Pureqaor's Book Boutique.
   300 | D:1      | Noticed a walking frostbound tome
   748 | D:2      | Reached skill level 4 in Axes
   756 | D:2      | Reached XP level 3. HP: 31/31 MP: 2/2
   925 | D:2      | Found Ciob's Distillery.
   929 | D:2      | Found a shimmering blue altar of Sif Muna.
   932 | D:2      | Bought a potion of degeneration for 10 gold pieces
   932 | D:2      | Bought a potion of enlightenment for 50 gold pieces
   932 | D:2      | Bought a potion of heal wounds for 50 gold pieces
  1324 | D:2      | Reached skill level 5 in Axes
  1324 | D:2      | Reached XP level 4. HP: 39/39 MP: 3/3
  2647 | D:3      | Reached skill level 6 in Axes
  2647 | D:3      | Reached XP level 5. HP: 32/45 MP: 4/4
  2906 | D:4      | Reached skill level 7 in Axes
  2927 | D:4      | Noticed a black bear
  2949 | D:4      | Killed a black bear
  2950 | D:4      | Reached XP level 6. HP: 41/51 MP: 5/5
  3004 | D:4      | Reached skill level 8 in Axes
  3498 | D:5      | Entered Level 5 of the Dungeon
  3521 | D:5      | Reached skill level 9 in Axes
  3528 | D:5      | Reached XP level 7. HP: 55/57 MP: 6/6
  3774 | D:5      | Found a blossoming altar of Fedhas.
  3775 | D:5      | Found a hazy altar of Hepliaklqana.
  3775 | D:5      | Found a basalt altar of Yredelemnul.
  3825 | D:5      | Reached skill level 10 in Axes
  3826 | D:5      | Found a staircase to the Ecumenical Temple.
  3875 | Temple   | Entered the Ecumenical Temple
  3902 | Temple   | Became a worshipper of Warmaster Okawaru
  3971 | D:5      | Found a stormy altar of Qazlal.
  3986 | D:5      | Reached skill level 1 in Dodging
  4085 | D:5      | Found a shimmering altar of Xom.
  4131 | D:5      | Reached skill level 1 in Invocations
  4170 | D:5      | Found Rauhaes's Antique Weapon Boutique.
  4208 | D:5      | Reached XP level 8. HP: 67/67 MP: 8/8
  4452 | D:5      | Reached * piety under Okawaru
  4745 | D:6      | Noticed Grinder
  4796 | D:6      | Killed Grinder
  4797 | D:6      | Reached skill level 5 in Fighting
  4797 | D:6      | Reached skill level 5 in Armour
  5097 | D:6      | Noticed Pikel
  5123 | D:6      | Killed Pikel
  5124 | D:6      | Reached skill level 11 in Axes
  5176 | D:6      | Noticed Maggie
  5188 | D:6      | Killed Maggie
  5188 | D:6      | Reached ** piety under Okawaru
  5189 | D:6      | Reached XP level 9. HP: 68/78 MP: 7/10
  5288 | D:6      | Found an ornate altar of the Wu Jian Council.
  5582 | D:6      | Found a snail-covered altar of Cheibriados.
  6791 | D:7      | Reached *** piety under Okawaru
  6792 | D:7      | Reached skill level 12 in Axes
  7358 | D:8      | Noticed an orange demon
  7363 | D:8      | Noticed Amaemon
  8096 | D:7      | Reached XP level 10. HP: 68/91 MP: 11/11
  8111 | D:7      | Killed Amaemon
  8326 | D:8      | Killed an orange demon
  8326 | D:8      | Reached **** piety under Okawaru
  8366 | D:8      | Reached skill level 13 in Axes
  8497 | D:8      | Reached skill level 10 in Fighting
  8601 | D:8      | Found a staircase to the Lair.
  8769 | D:8      | Found a sparkling altar of Nemelex Xobeh.
  8951 | D:8      | Found Qipa Jay's Magic Scroll Emporium.
  8959 | D:8      | Bought a scroll of identify for 26 gold pieces
  8959 | D:8      | Bought a scroll of fear for 52 gold pieces
  9231 | D:9      | Reached skill level 10 in Armour
  9713 | D:9      | Reached skill level 14 in Axes
  9758 | D:9      | Found Roputzyst's Magic Scroll Shop.
  9758 | D:9      | Noticed a two-headed ogre
  9778 | D:9      | Killed a two-headed ogre
  9828 | D:9      | Bought a scroll of poison for 56 gold pieces
  9856 | D:9      | Reached XP level 11. HP: 99/99 MP: 12/12
  9860 | D:9      | Reached skill level 15 in Axes
  9956 | D:9      | Identified the amulet "Lesimp" {Faith Harm rC++ Str+3}
 10360 | D:9      | Reached ***** piety under Okawaru
 10605 | D:10     | Entered Level 10 of the Dungeon
 10710 | D:10     | Found a transporter.
 10864 | D:10     | Noticed a two-headed ogre
 10875 | D:10     | Killed a two-headed ogre
 10876 | D:10     | Reached skill level 16 in Axes
 10876 | D:10     | Reached skill level 5 in Shields
 11130 | D:10     | Noticed Fannar
 11149 | D:10     | Killed Fannar
 11278 | D:10     | Noticed a two-headed ogre
 11295 | D:10     | Killed a two-headed ogre
 11296 | D:10     | Reached skill level 5 in Invocations
 11361 | D:10     | Found a staircase to the Orcish Mines.
 11527 | D:10     | Found a transporter.
 11555 | D:10     | Found a transporter.
 11739 | D:10     | Found a transporter.
 11869 | D:11     | Received a gift from Okawaru
 11870 | D:11     | Reached skill level 1 in Evocations
 12393 | D:11     | Found a sacrificial altar of Ru.
 12491 | D:11     | Noticed a two-headed ogre
 12501 | D:11     | Killed a two-headed ogre
 12502 | D:11     | Reached XP level 12. HP: 96/106 MP: 15/15
 12677 | D:11     | Reached skill level 1 in Throwing
 13040 | D:12     | Received a gift from Okawaru
 13416 | D:12     | You fall into a shaft and drop 2 floors!
 13481 | D:14     | Noticed a centaur warrior
 13482 | D:14     | Identified the +4 flail of Infinity {freeze, *Noise rCorr
                  | Str+3 Dex+4}
 13493 | D:14     | Killed a centaur warrior
 13566 | D:14     | Noticed a two-headed ogre
 13571 | D:14     | Killed a two-headed ogre
 13572 | D:14     | Reached skill level 10 in Shields
 13778 | D:14     | Noticed Snorg
 13785 | D:14     | Noticed a boulder beetle
 13793 | D:14     | Killed Snorg
 13810 | D:14     | Killed a boulder beetle
 13810 | D:14     | Received a gift from Okawaru
 14077 | D:14     | Noticed Rupert
 14097 | D:14     | Killed Rupert
 14437 | D:14     | Noticed a centaur warrior
 14447 | D:14     | Killed a centaur warrior
 14447 | D:14     | Received a gift from Okawaru
 14569 | D:15     | Entered Level 15 of the Dungeon
 14578 | D:15     | Found a staircase to the Depths.
 14578 | D:15     | Noticed a vampire mage
 14628 | D:13     | Noticed a two-headed ogre
 14634 | D:13     | Killed a two-headed ogre
 14638 | D:13     | Reached XP level 13. HP: 104/116 MP: 18/18
 14647 | D:13     | Found a gate to the Vaults.
 15326 | Lair:1   | Entered Level 1 of the Lair of Beasts
 15342 | Lair:1   | Noticed Jeremiah
 15489 | Lair:1   | Killed Jeremiah
 15756 | Lair:1   | Received a gift from Okawaru
 16790 | Lair:2   | Received a gift from Okawaru
 16937 | Lair:2   | Noticed Gastronok
 16968 | Lair:2   | Killed Gastronok
 18049 | Lair:3   | Found a hole to the Spider Nest.
 18264 | Lair:3   | Received a gift from Okawaru
 18297 | Lair:3   | Reached XP level 14. HP: 129/129 MP: 19/19
 18393 | Lair:3   | Found a staircase to the Swamp.
 18507 | Lair:3   | You fall into a shaft and drop 2 floors!
 18507 | Lair:5   | Entered Level 5 of the Lair of Beasts
 18594 | Lair:4   | Identified the amulet of Secrets {Reflect rPois rF+ Int+4
                  | SH+5 Stlth-}
 19014 | Lair:4   | Received a gift from Okawaru
 19060 | Lair:4   | Identified the +0 hand axe of Kiurad {flame, rElec rC++
                  | Will- Dex+2}
 20806 | Lair:5   | Received a gift from Okawaru
 21089 | Lair:5   | Reached skill level 15 in Fighting
 21131 | Lair:5   | Reached skill level 15 in Armour
 21131 | Lair:5   | Reached skill level 15 in Shields
 21198 | Lair:5   | Drowned by a drowned soul

Illustrated notes

Levels and vault maps discovered:
D:1:      minmay_arrival_wavy_path, layout_loops_ring, serial_shops,
          nicolae_shop_mannequins, shapermc_ecumenical_altar_totnotflames
D:2:      layout_basic, basic_altar, serial_shops, shop
D:3:      layout_basic
D:4:      layout_loops_ring
D:5:      layout_loops_ring, mainiacjoe_overflow_alcove_4,
          nicolae_overflow_quartered_altars, minmay_temple_entry_trees,
          serial_shops, nicolae_shop_peninsula, nicolae_wormholes
D:6:      layout_basic, slow_altar_2, nzn_wu_jian_council_hall, uniq_maggie,
          uniq_pikel, uniq_grinder
D:7:      layout_layer_cave, serial_glass, glass_columns_b, glass_columns_a,
          lightli_corner_chamber
D:8:      layout_cave_pools, nemelex_xobeh_ov_fountains_minmay,
          erik_lair_island, serial_shops, nicolae_shop_tiny_statue_garden,
          uniq_amaemon
D:9:      layout_irregular_city, serial_shops, shop, onia_ninara_cookie
D:10:     layout_loops_ring, kennysheep_orc_monster_closet_entryway,
          nicolae_diode_intersection, uniq_fannar
D:11:     layout_roguey, nicolae_ru_awakened_eye
D:12:     layout_basic, hangedman_decor_clover_reticule,
          nicolae_straight_to_the_point
D:13:     minmay_sliced_demisemicircle, layout_loops_ring, david_vaults_1,
          uniq_lodul
D:14:     layout_gridville, corexii_hall_statues_t, nrook_campfire,
          kennysheep_small_square, uniq_rupert, uniq_snorg
D:15:     gammafunk_depths_entry_grave, layout_gridville, tso_metal_star,
          hangedman_decor_push
Temple:   jpeg_temple_clearing
Lair:1:   layout_long_grid, uniq_jeremiah
Lair:2:   layout_layer_cave, uniq_gastronok
Lair:3:   layout_layer_cave, minmay_swamp_entry_reptiles,
          nicolae_spider_entry_non_spiders, minivault_27,
          infiniplex_staircase_pool, lemuel_fruit_tree
Lair:4:   layout_cave_pods, grunt_megastairs_3
Lair:5:   gammafunk_lair_ancient_temple, layout_loops_ring, slime_entry_1,
          tgw_fedhas

Skill      XL: |  1  2  3  4  5  6  7  8  9 10 11 12 13 14 |
---------------+-------------------------------------------+-----
Shields        | 4 8 11 13 15 | 15.0
Axes           | 3 4 5 6 7 9 10 11 12 14 16 | 16.0
Fighting       | 4 6 9 10 11 13 15 | 15.1
Armour         | 4 6 8 10 11 13 15 | 15.0
Dodging        | 1 |  1.7
Invocations    | 1 3 6 8 |  8.0
Evocations     | 1 2 |  2.0
Throwing       | 3 |  3.3

Action                     |  1- 3 |  4- 6 |  7- 9 | 10-12 | 13-15 || total
---------------------------+-------+-------+-------+-------+-------++-------
  Melee: War axe           |    82 |   110 |   291 |   474 |   658 ||  1615
         Headbutt          |    14 |    14 |    52 |    99 |   162 ||   341
         Demon whip        |       |       |       |       |    17 ||    17
  Throw: Dart              |       |       |       |    16 |     3 ||    19
         Boomerang         |       |       |       |    19 |     6 ||    25
 Invoke: Heroism           |       |       |     2 |    10 |    11 ||    23
         Finesse           |       |       |       |     2 |     1 ||     3
  Evoke: Wand              |       |       |     1 |     4 |     5 ||    10
    Use: Scroll            |       |       |       |    14 |     6 ||    20
         Potion            |       |       |       |     2 |     1 ||     3
   Stab: Petrified         |       |       |       |       |     7 ||     7
 Armour: Scale mail        |    55 |    78 |    65 |       |       ||   198
         Plate armour      |       |       |   134 |   389 |   354 ||   877
         Chain mail        |       |       |     6 |       |       ||     6
  Dodge: Dodged            |    37 |    50 |    91 |   163 |   232 ||   573
  Block: Buckler           |    16 |    27 |   150 |   143 |       ||   336
         Reflection        |       |       |     6 |     8 |       ||    14
         Kite shield       |       |       |       |    96 |   471 ||   567

Table legend: (Time is in decaauts)
 A = Elapsed time spent in this place.
 B = Non-inter-level travel time spent in this place.
 C = Inter-level travel time spent in this place.
 D = Time resting spent in this place.
 E = Time spent auto-exploring this place.
 F = Levels seen in this place.
 G = Mean time per level.
                   A        B        C        D        E       F      G
               +--------+--------+--------+--------+--------+-----+--------+
         Total |  21922 |  20525 |   1397 |   3587 |  13206 |  21 | 1043.9 |
       Dungeon |  15883 |  14749 |   1134 |   2815 |   9458 |  15 | 1058.9 |
        Temple |     54 |      2 |     52 |      0 |      0 |   1 |   54.0 |
          Lair |   5984 |   5774 |    210 |    772 |   3747 |   5 | 1196.8 |
               +--------+--------+--------+--------+--------+-----+--------+

Top non-repeatable levels by time:
     D:7: 2484 daAuts
  Lair:2: 1918 daAuts
    D:14: 1423 daAuts
  Lair:4: 1382 daAuts
     D:5: 1293 daAuts
    D:10: 1274 daAuts
     D:8: 1273 daAuts
  Lair:3: 1268 daAuts
     D:9: 1264 daAuts
     D:6: 1249 daAuts
    D:11: 1135 daAuts
     D:3: 1033 daAuts
     D:2: 984 daAuts
  Lair:1: 950 daAuts
     D:4: 858 daAuts
